 Dungeon Crawl Stone Soup version 0.25-a0-71-ge910a4a285 (webtiles) character file.

Game seed: 1902287124067516236, levelgen mode: deterministic

266864 MrRokkomies the Timeless (level 20, -7/178 HPs)
             Began as a Ghoul Monk on Nov 4, 2019.
             Was a High Priest of Cheibriados.
             Shot with an arrow by a centaur warrior (19 damage)
             ... on level 1 of the Vaults.
             The game lasted 02:36:07 (33862 turns).

MrRokkomies the Timeless (Ghoul Monk)              Turns: 33862, Time: 02:36:10

Health: -7/178     AC: 44    Str: 33    XL:     20   Next: 11%
Magic:  23/31      EV: 10    Int: 33    God:    Cheibriados [*****.]
Gold:   235        SH: 17    Dex: 30    Spells: 16/19 levels left

rFire    + + .     SeeInvis .     - Unarmed
rCold    + + +     Gourm    .   V - +2 shield {rC+ rF+}
rNeg     + + +     Faith    .   D - +12 crystal plate armour
rPois    ∞         Spirit   .   j - +2 helmet
rElec    .         Reflect  .   Z - +2 cloak {rPois}
rCorr    .         Harm     .   (no gloves)
MR       +....                  S - +0 pair of boots of Vlad {Stlth+}
Stlth    ..........             C - amulet of the acrobat
HPRegen  0.00/turn              P - ring "Yhuff" {*Slow rF+ rC+ Int+9 Dex+5}
MPRegen  0.22/turn              W - +2 ring of evasion

@: rotting, slowed, very slow
A: rotting body, claws 1, carnivore, cold resistance 1, negative energy
resistance 3, inhibited regeneration, torment resistance, unbreathing
}: 2/15 runes: serpentine, barnacled
a: Bend Time, Temporal Distortion, Slouch, Step From Time, Renounce Religion


You were on level 1 of the Vaults.
You worshipped Cheibriados.
Cheibriados was extremely pleased with you.
You were not hungry.

You visited 6 branches of the dungeon, and saw 32 of its levels.
You also visited: Sewer and Ice Cave.

You collected 3217 gold pieces.
You spent 2982 gold pieces at shops.

Inventory:

Hand Weapons
 b - a +1 fustibalus of flaming
Missiles
 c - 857 stones (quivered)
 d - 16 atropa-tipped darts
 q - 459 sling bullets
 u - 11 curare-tipped darts
 y - 10 throwing nets
 F - 101 poisoned darts
Armour
 j - a +2 helmet (worn)
 D - a +12 crystal plate armour (worn)
 R - a scarf of cloud immunity
 S - the +0 pair of boots of Vlad (worn) {Stlth+}
   (You acquired it on level 13 of the Dungeon)

   It makes you more stealthy.
 V - a +2 shield of resistance (worn)
 Z - a +2 cloak of poison resistance (worn)
Jewellery
 C - an amulet of the acrobat (around neck)
 P - the ring "Yhuff" (left claw) {*Slow rF+ rC+ Int+9 Dex+5}
   (You bought it in a shop on level 2 of the Orcish Mines)

   [ring of protection from cold]

   It affects your intelligence (+9).
   It affects your dexterity (+5).
   It protects you from fire.
   It protects you from cold.
   It may slow you when you take damage.
 U - the ring "Runtaf" {Fire *Drain rN+ Str+4 Dex+9}
   (You found it on level 15 of the Dungeon)

   [ring of fire]

   It enhances your fire magic.
   It affects your strength (+4).
   It affects your dexterity (+9).
   It protects you from fire.
   It makes you vulnerable to cold.
   It protects you from negative energy.
   It causes draining when unequipped.
 W - a +2 ring of evasion (right claw)
Wands
 e - a wand of flame (61)
 r - a wand of scattershot (3)
 s - a wand of digging (24)
 G - a wand of polymorph (5)
 I - a wand of enslavement (19)
 K - a wand of paralysis (60)
 M - a wand of iceblast (8)
 Y - a wand of disintegration (17)
Scrolls
 g - 5 scrolls of blinking
 k - 2 scrolls of amnesia
 l - 12 scrolls of teleportation
 n - 3 scrolls of immolation
 o - a scroll of enchant weapon
 w - 10 scrolls of remove curse
 E - a scroll of fog
 J - 5 scrolls of magic mapping
 N - 11 scrolls of identify
 T - a scroll of summoning
Potions
 a - 7 potions of agility
 f - 3 potions of invisibility
 m - 7 potions of flight
 v - 15 potions of curing
 x - a potion of might
 A - 2 potions of magic
 B - 4 potions of resistance
 H - a potion of heal wounds
 O - 2 potions of cancellation
 Q - 2 potions of brilliance
Miscellaneous
 t - a lamp of fire
 z - a phial of floods
 X - a sack of spiders
Comestibles
 i - 73 rations


   Skills:
 - Level 15.0 Fighting
 - Level 14.0 Slings
 - Level 15.0 Armour
 - Level 2.6 Dodging
 - Level 2.1 Stealth
 * Level 9.1 Shields
 - Level 15.0 Unarmed Combat
 + Level 16.7 Invocations
 * Level 8.0 Evocations


You had 16 spell levels left.
You knew the following spells:

 Your Spells              Type           Power        Failure   Level  Hunger
a - Blink                 Tloc           N/A          97%         2    ###....
b - Confusing Touch       Hex            #.....       91%         1    ##.....

Your spell library contained the following spells:

 Spells                   Type           Power        Failure   Level  Hunger
 Animate Skeleton         Necr           N/A          91%         1    ##.....
 Apportation              Tloc           #.....       91%         1    ##.....
 Corona                   Hex            #......      91%         1    ##.....
 Flame Tongue             Conj/Fire      #....        91%         1    ##.....
 Magic Dart               Conj           #...         91%         1    ##.....
 Sandblast                Erth           #.....       91%         1    ##.....
 Shock                    Conj/Air       #...         91%         1    ##.....
 Summon Small Mammal      Summ           #...         91%         1    ##.....
 Call Imp                 Summ           #.......     97%         2    ###....
 Passwall                 Tmut/Erth      #.......     97%         2    ###....
 Searing Ray              Conj           #.....       97%         2    ###....
 Slow                     Hex            #.......     97%         2    ###....
 Swiftness                Chrm/Air       #.......     97%         2    ###....
 Call Canine Familiar     Summ           #.......     99%         3    ####...
 Conjure Flame            Conj/Fire      #.......     99%         3    ####...
 Dazzling Spray           Conj/Hex       #.....       99%         3    ####...
 Inner Flame              Hex/Fire       #.......     99%         3    ####...
 Mephitic Cloud           Conj/Pois/Air  #.......     99%         3    ####...
 Portal Projectile        Hex/Tloc       #.....       99%         3    ####...
 Static Discharge         Conj/Air       #.......     99%         3    ####...
 Stone Arrow              Conj/Erth      #.....       99%         3    ####...
 Summon Guardian Golem    Hex/Summ       #.......     99%         3    ####...
 Airstrike                Air            #.........   100%        4    #####..
 Cause Fear               Hex            #.........   100%        4    #####..
 Force Lance              Conj/Tloc      #.......     100%        4    #####..
 Fulminant Prism          Conj/Hex       #.........   100%        4    #####..
 Iskenderun's Mystic Bla  Conj           #.......     100%        4    #####..
 Leda's Liquefaction      Hex/Erth       #.........   100%        4    #####..
 Petrify                  Tmut/Erth      #.......     100%        4    #####..
 Summon Ice Beast         Ice/Summ       #.......     100%        4    #####..
 Summon Lightning Spire   Summ/Air       #.......     100%        4    #####..
 Lee's Rapid Deconstruct  Erth           #.........   100%        5    ######.
 Lightning Bolt           Conj/Air       #.........   100%        5    ######.
 Silence                  Hex/Air        #.........   100%        5    ######.
 Bolt of Fire             Conj/Fire      #.........   100%        6    #######
 Conjure Ball Lightning   Conj/Air       #.........   100%        6    #######
 Deflect Missiles         Chrm/Air       #.........   100%        6    #######
 Dragon's Call            Summ           #.........   100%        9    #######
 Tornado                  Air            #.........   100%        9    #######
 Dragon Form              Tmut           Unusable     N/A         7    N/A

Dungeon Overview and Level Annotations

Branches:
Dungeon (15/15)            Temple (0/1) D:5            Lair (6/6) D:10
 Shoals (4/4) Lair:4        Snake (4/4) Lair:4        Slime (0/5) Lair:6
    Orc (2/2) D:11            Elf (0/3) Orc:2        Vaults (1/5) D:13
 Depths (0/5) D:15          Sewer (visited)           IceCv (visited)

Altars:
Ashenzari
Cheibriados
Elyvilon
Fedhas
Makhleb
Okawaru
Qazlal
Ru
Trog
Uskayaw
Vehumet
Xom
Yredelemnul
Zin
The Shining One
Jiyva

Shops:
D:5 (*?*%   D:6 :   D:9 ?   Orc:2 }*=[?   Snake:3 }!*


Innate Abilities, Weirdness & Mutations

Your body is rotting away.
You thrive on raw meat.
You are immune to poison.
You have sharp fingernails.
You are carnivorous and can eat meat at any time.
Your flesh is cold resistant. (rC+)
You are immune to negative energy. (rN+++)
You do not regenerate when monsters are visible.
You are immune to unholy pain and torment.
You can survive without breathing.


Message History

A centaur warrior comes into view.
The centaur warrior shouts!
The centaur warrior wields a +0 shortbow.
The centaur warrior shoots an arrow.
The arrow barely misses you.
The centaur warrior wields a +0 longbow.
The centaur warrior shoots an arrow.
You block the arrow.
The centaur warrior shoots an arrow.
The arrow hits you but does no damage.
The centaur warrior shoots an arrow.
The arrow hits you but does no damage.
The centaur warrior shoots an arrow.
You block the arrow.
The centaur warrior shoots an arrow.
The arrow barely misses you.
Found 23 arrows and 21 bolts.
You see here 6 arrows.
You claw the centaur warrior!
The centaur warrior is lightly wounded.
The centaur warrior unwields a +0 longbow.
You block the centaur warrior's attack.
The centaur warrior shoots an arrow.
The arrow hits you but does no damage. The centaur warrior hits you.
* * * LOW HITPOINT WARNING * * *
The centaur warrior shoots an arrow.
The arrow hits you!!
You die...

....c..........
...............
...............
#............#
#......^....#
#...........#
+.....(....#
#..(..@c...#
#..........#
#..........#
#..........#
#..........#
............#
.............
..............


You could see 2 centaur warriors.

Vanquished Creatures
  Saint Roka (Snake:2)
  Jorgrun (D:14)
  Asterion (Lair:4)
  Gastronok (D:8)
  A kraken (Shoals:4)
  Polyphemus (Shoals:4)
  A storm dragon (D:15)
  A fire giant (D:15)
  8 nagarajas
  3 vault wardens (Vaults:1)
  Louise (D:15)
  2 ironheart preservers (Vaults:1)
  A stone giant (Shoals:2)
  7 merfolk impalers
  A yaktaur captain (Vaults:1)
  A merfolk javelineer (Shoals:4)
  Josephine (D:12)
  2 fire dragons
  3 ogre magi
  5 vault guards (Vaults:1)
  19 naga warriors
  9 hydras
  8 merfolk avatars
  4 catoblepae
  4 merfolk aquamancers
  17 anacondas
  16 two-headed ogres
  2 centaur warriors
  3 satyrs
  5 tengu warriors
  3 orc high priests (Orc:2)
  13 death yaks
  Urug (Lair:6)
  9 shock serpents
  4 deep elf knights (Vaults:1)
  Sonja (Lair:6)
  11 naga sharpshooters
  11 sea snakes
  2 salamander mystics (Snake:2)
  2 unseen horrors
  A wizard (D:15)
  A swamp dragon (Lair:6)
  8 naga ritualists
  4 ironbrand convokers (Vaults:1)
  13 harpies
  4 necromancers
  9 orc sorcerers
  8 orc knights
  4 mana vipers
  A wolf spider (Vaults:1)
  4 deep elf magi
  10 ugly things
  10 salamanders
  18 fauns
  9 cyclopes
  12 manticores
  8 merfolk sirens
  9 elephants
  14 guardian serpents
  3 ice statues (IceCv)
  28 black mambas
  2 gargoyles
  A vault sentinel (Vaults:1)
  Joseph (D:8)
  23 naga magi
  5 water nymphs
  15 spiny frogs
  2 kobold demonologists (D:15)
  8 rime drakes
  2 yaktaurs (Vaults:1)
  8 komodo dragons
  A tengu conjurer (D:14)
  9 ice devils (IceCv)
  9 trolls
  34 merfolk
  12 polar bears
  A jumping spider (shapeshifter) (D:15)
  A queen bee (D:9)
  2 slime creatures (D:14)
  Prince Ribbit (D:6)
  14 dream sheep
  15 hippogriffs
  7 blink frogs (Lair:6)
  8 snapping turtles
  2 raiju (Lair:6)
  3 wind drakes
  2 shadows
  A wyvern (D:11)
  7 wraiths
  36 yaks
  11 water elementals
  3 hogs (D:10)
  5 basilisks
  A human (D:10)
  A hungry ghost (D:12)
  7 vampire mosquitoes
  6 wargs
  Menkaure (D:6)
  45 nagas
  A swamp worm (shapeshifter) (Snake:2)
  11 water moccasins
  2 acid dragons
  4 porcupines
  15 hell hounds (Lair:6)
  3 swamp drakes (Lair:6)
  28 orc warriors
  A sky beast (D:5)
  An eye of draining (shapeshifter) (D:15)
  20 ogres
  A sky beast (shapeshifter) (Vaults:1)
  An eye of draining (D:14)
  An ice beast (D:11)
  14 black bears
  4 necrophages
  5 phantoms
  4 boggarts (Vaults:1)
  10 centaurs
  24 wolves
  8 crocodiles
  8 big kobolds
  22 bullfrogs
  A gnoll sergeant (Orc:1)
  5 scorpions
  A water moccasin skeleton (D:8)
  47 killer bees
  5 wights (D:10)
  5 electric eels
  A howler monkey (D:13)
  A draconian simulacrum (IceCv)
  6 crimson imps
  4 centaur zombies
  A quasit (D:12)
  2 bullfrog zombies
  4 bullfrog skeletons
  2 jellies
  16 orc priests
  4 centaur skeletons
  11 hounds
  31 orc wizards
  Ijyb (D:4)
  8 iguanas
  9 worker ants
  A spriggan simulacrum (IceCv)
  A troll simulacrum (IceCv)
  2 centaur simulacra (IceCv)
  A hound zombie (D:6)
  2 hound skeletons
  2 worker ant zombies
  10 gnolls
  3 naga simulacra (IceCv)
  5 adders
  3 river rats
  2 ogre simulacra (IceCv)
  2 shadow imps
  An adder zombie (D:4)
  2 adder skeletons
  3 worms
  3 dart slugs
  4 leopard geckos
  85 orcs
  5 giant cockroaches
  5 goblins
  5 hobgoblins
  7 jackals
  5 quokkas
  A quokka (shapeshifter) (D:15)
  A ball python (D:1)
  3 bats
  2 frilled lizards
  38 kobolds
  15 rats
  A butterfly (Lair:5)
  A plant (Lair:6)
  A withered plant (Shoals:4)
1252 creatures vanquished.

Vanquished Creatures (others)
  A cyclops (Shoals:2)
  A polar bear (Lair:6)
  A yak (Lair:6)
  An ogre (Vaults:1)
  A wolf (Lair:6)
  A centaur (D:11)
  7 fungi
  42 plants
  12 tentacles
67 creatures vanquished.

Grand Total: 1319 creatures vanquished

Notes
Turn   | Place    | Note
-------+----------+-------------------------------------------
     0 | D:1      | MrRokkomies the Ghoul Monk began the quest for the Orb.
     0 | D:1      | Reached XP level 1. HP: 19/19 MP: 0/0
   208 | D:1      | Reached XP level 2. HP: 24/24 MP: 1/1
   377 | D:1      | Reached XP level 3. HP: 33/33 MP: 2/2
   641 | D:2      | Found a snail-covered altar of Cheibriados.
   646 | D:2      | Became a worshipper of Cheibriados the Contemplative
   646 | D:2      | Reached * piety under Cheibriados
   646 | D:2      | Reached ** piety under Cheibriados
   649 | D:2      | Found a glowing golden altar of the Shining One.
   782 | D:2      | Found a bloodstained altar of Trog.
   913 | D:2      | Found a glowing silver altar of Zin.
   913 | D:2      | Found a radiant altar of Vehumet.
   918 | D:2      | Found a burning altar of Makhleb.
   920 | D:2      | Found a white marble altar of Elyvilon.
   922 | D:2      | Found a hide-covered altar of Uskayaw.
  1057 | D:2      | Found a stormy altar of Qazlal.
  1065 | D:2      | Noticed an earth elemental
  1069 | D:2      | Noticed a fire elemental
  1123 | D:2      | Noticed a water elemental
  1123 | D:2      | Noticed an air elemental
  1315 | D:3      | Reached XP level 4. HP: 41/41 MP: 3/3
  1338 | D:3      | Reached *** piety under Cheibriados
  1577 | D:3      | Reached skill level 1 in Invocations
  2036 | D:4      | Noticed an ogre
  2037 | D:4      | Reached XP level 5. HP: 46/47 MP: 4/4
  2044 | D:4      | Killed an ogre
  2044 | D:4      | Reached skill level 5 in Fighting
  2044 | D:4      | Reached skill level 5 in Unarmed Combat
  2080 | D:4      | Noticed Ijyb
  2096 | D:4      | Killed Ijyb
  2096 | D:4      | Reached skill level 2 in Invocations
  2096 | D:4      | Reached XP level 6. HP: 56/56 MP: 6/6
  2344 | D:4      | Reached **** piety under Cheibriados
  2424 | D:4      | Found a shimmering altar of Xom.
  2424 | D:4      | Found a shimmering altar of Xom.
  2424 | D:4      | Found a shimmering altar of Xom.
  2425 | D:4      | Found a shimmering altar of Xom.
  2425 | D:4      | Found a shimmering altar of Xom.
  2425 | D:4      | Found a shimmering altar of Xom.
  2427 | D:4      | Found a shimmering altar of Xom.
  2939 | D:4      | You fall into a shaft and drop 3 floors!
  2942 | D:7      | Noticed a necrophage
  2950 | D:7      | Reached XP level 7. HP: 6/62 MP: 6/8
  2950 | D:7      | Reached skill level 3 in Invocations
  3331 | D:7      | Reached XP level 8. HP: 42/71 MP: 9/9
  3494 | D:7      | Reached skill level 1 in Armour
  3556 | D:6      | Noticed Prince Ribbit
  3557 | D:6      | Reached skill level 4 in Invocations
  3559 | D:6      | Noticed Menkaure
  3562 | D:6      | Killed Prince Ribbit
  3566 | D:6      | Killed Menkaure
  3756 | D:6      | Found Riplauha's Book Shop.
  3974 | D:5      | Entered Level 5 of the Dungeon
  4017 | D:5      | Found a glowing drain.
  4041 | Sewer    | Entered a sewer
  4124 | Sewer    | Reached XP level 9. HP: 79/79 MP: 11/11
  4160 | Sewer    | Found a white marble altar of Elyvilon.
  4217 | D:5      | Found a staircase to the Ecumenical Temple.
  4515 | D:5      | Found Oroll's Assorted Antiques.
  4564 | D:5      | Found Raxzaha's Magic Scroll Shop.
  4572 | D:5      | Bought a scroll of enchant armour for 97 gold pieces
  4596 | D:5      | Reached skill level 5 in Invocations
  4721 | D:5      | Found Rexoacar's Antique Weapon Emporium.
  5043 | D:5      | Found Ublyh's General Store.
  5049 | D:5      | Bought a potion of might for 48 gold pieces
  5073 | D:5      | Found a sacrificial altar of Ru.
  5211 | D:5      | Found Hoqum's Food Emporium.
  5672 | D:6      | Reached skill level 5 in Armour
  6229 | D:8      | Reached ***** piety under Cheibriados
  6229 | D:8      | Reached skill level 6 in Invocations
  6263 | D:8      | Reached skill level 10 in Unarmed Combat
  6273 | D:8      | Noticed Joseph
  6298 | D:8      | Killed Joseph
  6298 | D:8      | Reached XP level 10. HP: 25/86 MP: 5/13
  6669 | D:8      | Noticed Gastronok
  6689 | D:8      | Killed Gastronok
  6689 | D:8      | Reached skill level 7 in Invocations
  7045 | D:9      | Reached XP level 11. HP: 92/92 MP: 15/15
  7128 | D:9      | Found a shattered altar of Ashenzari.
  7270 | D:9      | Found a basalt altar of Yredelemnul.
  7386 | D:9      | Found Totocut's Magic Scroll Boutique.
  7576 | D:9      | Reached skill level 8 in Invocations
  7669 | D:10     | Entered Level 10 of the Dungeon
  8183 | D:10     | Found a staircase to the Lair.
  8772 | D:10     | Killed an unseen horror
  9266 | Lair:1   | Entered Level 1 of the Lair of Beasts
  9275 | Lair:1   | Noticed an eight-headed hydra
  9286 | Lair:1   | Killed an eight-headed hydra
  9286 | Lair:1   | Reached skill level 9 in Invocations
  9494 | Lair:1   | Reached XP level 12. HP: 90/100 MP: 17/17
  9538 | Lair:1   | Reached skill level 10 in Armour
 11641 | Lair:3   | Noticed a death yak
 11641 | Lair:3   | Noticed a death yak
 11641 | Lair:3   | Noticed a death yak
 11642 | Lair:3   | Noticed a death yak
 11642 | Lair:3   | Noticed a six-headed hydra
 11770 | Lair:3   | Killed a six-headed hydra
 11770 | Lair:3   | Reached skill level 10 in Invocations
 11960 | Lair:3   | Noticed an eight-headed hydra
 11969 | Lair:3   | Killed an eight-headed hydra
 12033 | Lair:3   | Noticed a death yak
 12051 | Lair:3   | Killed a death yak
 12060 | Lair:3   | Killed a death yak
 12066 | Lair:3   | Killed a death yak
 12066 | Lair:3   | Reached XP level 13. HP: 55/111 MP: 19/19
 12737 | Lair:4   | Reached ****** piety under Cheibriados
 12829 | Lair:4   | Found a staircase to the Snake Pit.
 12858 | Lair:4   | Reached skill level 10 in Fighting
 12890 | Lair:4   | Reached skill level 15 in Unarmed Combat
 13334 | Lair:4   | Found a staircase to the Shoals.
 13656 | Lair:5   | Reached skill level 1 in Slings
 13888 | Lair:5   | Reached skill level 11 in Invocations
 14192 | Lair:5   | Learned a level 2 spell: Blink
 14195 | Lair:6   | Entered Level 6 of the Lair of Beasts
 14202 | Lair:6   | Noticed Sonja
 14203 | Lair:6   | Killed Sonja
 14415 | Lair:6   | Reached XP level 14. HP: 59/125 MP: 16/21
 14426 | Lair:6   | Reached skill level 5 in Slings
 14507 | Lair:6   | Found a frozen archway.
 14538 | IceCv    | Entered an ice cave
 15565 | Lair:6   | Found a viscous altar of Jiyva.
 15565 | Lair:6   | Found a staircase to the Slime Pits.
 15577 | Lair:6   | Noticed Urug
 15597 | Lair:6   | Killed Urug
 15856 | Lair:6   | Reached skill level 12 in Invocations
 17150 | D:11     | Reached XP level 15. HP: 133/136 MP: 23/23
 17661 | D:11     | Found a staircase to the Orcish Mines.
 17893 | Orc:1    | Entered Level 1 of the Orcish Mines
 17893 | Orc:1    | Found an iron altar of Okawaru.
 18401 | Orc:2    | Entered Level 2 of the Orcish Mines
 18717 | Orc:2    | Found Coafuuxe's Magic Scroll Emporium.
 18771 | Orc:2    | Bought a scroll of enchant armour for 105 gold pieces
 18771 | Orc:2    | Bought a scroll of enchant armour for 105 gold pieces
 18801 | Orc:2    | Paralysed by an orc sorcerer for 4 turns
 18927 | Orc:2    | Found a staircase to the Elven Halls.
 19116 | Orc:2    | Paralysed by an orc sorcerer for 6 turns
 19396 | Orc:2    | Found Revixt's Jewellery Shop.
 19400 | Orc:2    | Found Yppuceo's Gadget Shoppe.
 19404 | Orc:2    | Bought an uncursed amulet of the acrobat for 420 gold
                  | pieces
 19404 | Orc:2    | Bought the ring "Yhuff" {*Slow rF+ rC+ Int+9 Dex+5} for 879
                  | gold pieces
 19409 | Orc:2    | Found Nunirph's Assorted Antiques.
 19411 | Orc:2    | Found Jemix's Antique Armour Shop.
 19425 | Orc:2    | Bought an embroidered scarf for 240 gold pieces
 19602 | D:12     | Found a bloodstained altar of Trog.
 19611 | D:12     | Reached skill level 13 in Invocations
 19824 | D:12     | Noticed Josephine
 19834 | D:12     | Killed Josephine
 20525 | D:13     | Identified a scroll of acquirement
 20528 | D:13     | Got a pair of shimmering boots
 20534 | D:13     | Identified the +0 pair of boots of Vlad {Stlth+} (You
                  | acquired it on level 13 of the Dungeon)
 20591 | D:13     | Found a gate to the Vaults.
 20821 | D:13     | Reached skill level 15 in Fighting
 21202 | D:14     | Noticed Jorgrun
 21218 | D:14     | Killed Jorgrun
 21218 | D:14     | Reached skill level 10 in Slings
 21262 | D:14     | Found a blossoming altar of Fedhas.
 21564 | D:14     | Reached XP level 16. HP: 149/149 MP: 25/25
 21924 | D:15     | Entered Level 15 of the Dungeon
 21946 | D:15     | Got a crude golden ring
 21947 | D:15     | Identified the ring "Runtaf" {Fire *Drain rN+ Str+4 Dex+9}
                  | (You found it on level 15 of the Dungeon)
 22651 | D:15     | Identified the cursed +0 large shield of the Dragon {Int+5
                  | Dex-5}
 22651 | D:15     | Noticed Louise
 22670 | D:15     | Killed Louise
 22929 | D:15     | Found a staircase to the Depths.
 23165 | D:15     | Noticed a storm dragon
 23175 | D:15     | Killed a storm dragon
 23732 | Snake:1  | Entered Level 1 of the Snake Pit
 23732 | Snake:1  | Noticed Asterion
 23785 | Shoals:1 | Entered Level 1 of the Shoals
 23932 | Shoals:1 | Learned a level 1 spell: Confusing Touch
 23983 | Shoals:1 | Reached skill level 14 in Invocations
 24037 | Shoals:1 | You fall into a shaft and drop 1 floor!
 24228 | Shoals:2 | Got a smoking demon blade
 24229 | Shoals:2 | Identified the cursed +1 demon blade "Gicrodus" {slice,
                  | +Fly Str+3 Int+4 Dex+2} (You found it on level 2 of the
                  | Shoals)
 24806 | Shoals:1 | Reached XP level 17. HP: 98/155 MP: 22/26
 26157 | Shoals:3 | Noticed a kraken
 26806 | Shoals:4 | Entered Level 4 of the Shoals
 27129 | Shoals:4 | Noticed Polyphemus
 27156 | Shoals:4 | Killed Polyphemus
 27200 | Shoals:4 | Reached skill level 15 in Invocations
 27372 | Shoals:4 | Identified the ring of the Leaf {Dex+3 Slay+1} (You found
                  | it on level 4 of the Shoals)
 28083 | Shoals:4 | Noticed a kraken
 28104 | Shoals:4 | Killed a kraken
 28104 | Shoals:4 | Reached XP level 18. HP: 39/163 MP: 10/28
 28732 | Shoals:4 | Got a barnacled rune of Zot
 28910 | Lair:4   | Killed Asterion
 29859 | Snake:2  | Noticed Saint Roka
 29869 | Snake:2  | Reached skill level 1 in Shields
 29897 | Snake:2  | Killed Saint Roka
 29913 | Snake:2  | HP: 4/163 [shock serpent/bolt of electricity (18)]
 30688 | Snake:3  | Reached skill level 1 in Evocations
 30715 | Snake:3  | Found Pyruhebbece's Gadget Shop.
 30728 | Snake:3  | Found Tyti's Distillery.
 30732 | Snake:3  | Bought a lamp of fire for 680 gold pieces
 30738 | Snake:3  | Bought 2 potions of resistance for 340 gold pieces
 30738 | Snake:3  | Bought a potion of might for 68 gold pieces
 30780 | Snake:3  | Found Piaril's General Store.
 31314 | Snake:3  | Identified the +7 shortbow "Azienose" {venom, rPois} (You
                  | found it on level 3 of the Snake Pit)
 31516 | Snake:3  | Reached skill level 5 in Shields
 31572 | Snake:4  | Entered Level 4 of the Snake Pit
 31605 | Snake:4  | Reached XP level 19. HP: 79/169 MP: 29/29
 31609 | Snake:4  | Reached skill level 15 in Armour
 32002 | Snake:4  | Reached skill level 16 in Invocations
 32458 | Snake:4  | Reached skill level 5 in Evocations
 32856 | Snake:4  | Got a serpentine rune of Zot
 33183 | Vaults:1 | Entered Level 1 of the Vaults
 33757 | Vaults:1 | Reached XP level 20. HP: 152/178 MP: 26/31
 33816 | Vaults:1 | HP: 4/178 [deep elf knight/stone arrow[an ironheart
                  | preserver] (28)]
 33862 | Vaults:1 | Shot with an arrow by a centaur warrior

Levels and vault maps discovered:
D:1:      zaba_arrival_water, layout_basic
D:2:      layout_basic, lemuel_round_altar, cheibriados_altar_1,
          lemuel_crystal_altar, nicolae_qazlal_style_of_elements,
          chequers_temple_overflow_minitemple, grunt_ministairs_1
D:3:      layout_loops_ring, serial_glass, glass_columns_c, glass_columns_a,
          first_ration
D:4:      layout_layer_cave, xom_redecorated, minivault_27, uniq_ijyb
D:5:      layout_layer_cave, overflow_temple_1_default,
          minmay_temple_entry_water_ring, serial_shops, shop,
          nicolae_shop_window_shopping, shop, nicolae_shop_crystal,
          shop_fountains, portal_sewer_entry_a
D:6:      layout_loops_ring, serial_shops, shop, uniq_prince_ribbit1,
          uniq_menkaure
D:7:      layout_rooms, fountainhead
D:8:      layout_rooms, uniq_joseph, uniq_gastronok
D:9:      layout_roguey [special_room_bee], lemuel_doored_altar, basic_altar,
          serial_shops, shop_statue, moated_statue
D:10:     layout_roguey, erik_lair_island, grunt_livestock, kennysheep_dice
D:11:     layout_irregular_city, hiddenorc1_lemuel
D:12:     layout_roguey, eino_small_chamber_without_monster, bloody_trog,
          uniq_josephine
D:13:     layout_long_grid, david_vaults_1, kennysheep_another_room
D:14:     layout_cross, fedhas_altar_2, uniq_jorgrun
D:15:     grunt_enter_depths_magical_seal, layout_layer_cave,
          minmay_misc_feat_encased, minmay_diamond_spiral, uniq_louise
Lair:1:   layout_layer_cave, st_stairs_11, grunt_megastairs_2, lemuel_fruit_tree
Lair:2:   layout_regular_city, grunt_megastairs_3, infiniplex_staircase_pool_2
Lair:3:   layout_chaotic_city, st_stairs_7, chequers_serial_rivers_marsh,
          chequers_serial_rivers_micro_e, minivault_19
Lair:4:   layout_regular_city, elwin_shoals_entry_rocks,
          guppyfry_snake_entry_garden, grunt_megastairs_1
Lair:5:   layout_loops_ring, wad_woods_road_05, lemuel_fruit_fields
Lair:6:   guppyfry_lair_end_dragon, layout_regular_city,
          hangedman_lair_caniforms_friends, slime_altar_1,
          portal_ice_cave_entry_animals_and_master,
          chequers_serial_rivers_micro_c, nicolae_lair_yak_garden,
          infiniplex_staircase_pool, uniq_urug, uniq_sonja
Shoals:1: layout_shoals
Shoals:2: layout_shoals, st_shoals_ruin
Shoals:3: layout_shoals
Shoals:4: shoals_end_hangedman, layout_shoals, argonaut_gorgonesque,
          uniq_polyphemus
Snake:1:  layout_cave_pods, uniq_asterion
Snake:2:  layout_onion, uniq_saint_roka
Snake:3:  nicolae_snake_hallway, layout_grid_shapes, serial_shops, shop,
          minmay_shoptagon
Snake:4:  grunt_snake_rune_serpentine_throne, layout_misc_corridors
Orc:1:    layout_caves, okawaru_metal_pillars_1_2
Orc:2:    st_orc_elflike, layout_diamond_mine, serial_shops, shop,
          nicolae_orc_lava_room
Vaults:1: nicolae_vaults_little_squares_4, grunt_vaults_funnel,
          vaults_room_semicircle, nicolae_vaults_network_quinsquares
          [nicolae_vaults_network_quincunx_subvault,
          nicolae_vaults_network_quincunx_subvault,
          nicolae_vaults_network_quincunx_subvault,
          nicolae_vaults_network_quincunx_subvault],
          nicolae_vaults_branching_niches, ontoclasm_vaults_fault,
          nicolae_vaults_rhombus_5, v_alt_pattern_3, v_alt_pattern_5, v_rooms_6,
          hangedman_vaults_stretched_pinwheel, vaults_room_semicircle,
          nicolae_vaults_rhombus_5, layout_vaults_omnicross

Skill      XL: |  1  2  3  4  5  6  7  8  9 10 11 12 13 14 15 16 17 18 19 20 |
---------------+-------------------------------------------------------------+-----
Fighting       | 4 5 6 7 9 11 13 15 | 15.0
Unarmed Combat | 4 5 6 8 10 11 13 14 15 | 15.0
Invocations    | 1 2 3 4 6 7 9 10 11 12 13 14 15 16 | 16.7
Armour         | 3 6 8 9 10 12 13 14 15 | 15.0
Slings         | 4 8 10 12 13 14 | 14.0
Shields        | 5 8 9 |  9.1
Evocations     | 3 7 8 |  8.0
Dodging        | |  2.6
Stealth        | |  2.1

Action                   |  1- 3 |  4- 6 |  7- 9 | 10-12 | 13-15 | 16-18 | 19-21 || total
-------------------------+-------+-------+-------+-------+-------+-------+-------++-------
Melee: Unarmed           |   137 |   142 |   306 |   574 |  1481 |  1691 |   717 ||  5048
       Punch             |     1 |       |       |       |       |       |       ||     1
 Fire: Hunting sling     |       |       |       |    72 |       |       |       ||    72
       Fustibalus        |       |       |       |    12 |    44 |   152 |    29 ||   237
Throw: Stone             |     2 |     5 |     8 |     5 |    15 |     2 |       ||    37
       Dart              |       |       |       |     1 |       |       |       ||     1
       Throwing net      |       |       |       |       |       |     1 |       ||     1
Invok: Slouch            |       |       |     3 |     4 |     4 |    10 |     4 ||    25
       Bend Time         |       |       |     3 |     2 |     7 |    10 |     9 ||    31
       Step From Time    |       |       |       |       |     1 |     1 |     2 ||     4
       Temporal Distorti |       |       |       |       |       |     2 |       ||     2
Evoke: Wand              |       |       |       |       |     2 |     1 |       ||     3
  Use: Scroll            |     6 |     4 |    10 |    13 |    16 |    10 |     1 ||    60
       Potion            |       |     1 |       |       |     3 |     8 |     6 ||    18
 Stab: Sleeping          |     1 |       |       |       |       |       |       ||     1
       Distracted        |       |     1 |       |     1 |       |     1 |     1 ||     4
       Confused          |       |       |       |       |     4 |       |       ||     4
       Held in net/web   |       |       |       |       |       |     1 |       ||     1
  Eat: Chunk             |     7 |    18 |    22 |    49 |   109 |   150 |    67 ||   422
Armor: Robe              |     2 |       |       |       |       |       |       ||     2
       Ring mail         |    48 |    39 |       |       |       |       |       ||    87
       Chain mail        |       |    11 |     6 |       |       |       |       ||    17
       Crystal plate arm |       |       |   207 |   551 |  1168 |  1559 |   570 ||  4055
Dodge: Dodged            |    75 |    50 |    60 |   177 |   669 |  1086 |   382 ||  2499
Block: Shield            |    15 |    71 |   180 |   352 |   252 |   480 |   792 ||  2142
       Buckler           |       |       |       |       |   331 |   374 |       ||   705
       Reflection        |       |       |       |       |    12 |    63 |     5 ||    80

Table legend:
 A = Non-vault XP
 B = Vault XP
 C = Vault XP percentage of total XP
 D = Non-vault monster count
 E = Vault monster count
 F = Vault count percentage of total count
                 A         B        C        D         E       F
            +---------+---------+-------+---------+---------+-------
      Total |  253477 |  156183 |  38.1 |     861 |     392 |  31.3
            +---------+---------+-------+---------+---------+-------
        D:1 |      40 |       0 |   0.0 |      24 |       0 |   0.0
        D:2 |      34 |       3 |   8.1 |      18 |       2 |  10.0
        D:3 |      73 |       0 |   0.0 |      23 |       0 |   0.0
        D:4 |     430 |      36 |   7.7 |      18 |       1 |   5.3
        D:5 |     965 |      17 |   1.7 |      21 |       4 |  16.0
        D:6 |     400 |     442 |  52.5 |       8 |       2 |  20.0
        D:7 |    1351 |       0 |   0.0 |      27 |       0 |   0.0
        D:8 |    1486 |    2758 |  65.0 |      26 |       2 |   7.1
        D:9 |     742 |    1813 |  71.0 |      16 |      26 |  61.9
       D:10 |    4443 |    1656 |  27.2 |      34 |      13 |  27.7
       D:11 |    8217 |     293 |   3.4 |      51 |      17 |  25.0
       D:12 |    2176 |    1883 |  46.4 |      20 |       5 |  20.0
       D:13 |    4423 |    2050 |  31.7 |      22 |       4 |  15.4
       D:14 |    8949 |    3186 |  26.3 |      27 |       1 |   3.6
       D:15 |   13050 |   12471 |  48.9 |      39 |      15 |  27.8
     Lair:1 |    2698 |    2676 |  49.8 |      13 |       8 |  38.1
     Lair:2 |    2078 |     107 |   4.9 |       9 |       1 |  10.0
     Lair:3 |    9225 |     452 |   4.7 |      22 |       1 |   4.3
     Lair:4 |    5350 |    5437 |  50.4 |      17 |       9 |  34.6
     Lair:5 |    5058 |       0 |   0.0 |      18 |       0 |   0.0
     Lair:6 |   11013 |   20766 |  65.3 |      32 |      87 |  73.1
   Shoals:1 |   21783 |       0 |   0.0 |      45 |       0 |   0.0
   Shoals:2 |   20083 |    4559 |  18.5 |      37 |       7 |  15.9
   Shoals:3 |   13184 |       0 |   0.0 |      28 |       0 |   0.0
   Shoals:4 |   11232 |   21670 |  65.9 |      24 |      34 |  58.6
    Snake:1 |   13382 |       0 |   0.0 |      26 |       0 |   0.0
    Snake:2 |   23380 |    6543 |  21.9 |      41 |      14 |  25.5
    Snake:3 |   11789 |    9532 |  44.7 |      21 |      16 |  43.2
    Snake:4 |   13058 |   43169 |  76.8 |      27 |      60 |  69.0
      Orc:1 |    3089 |       0 |   0.0 |      36 |       0 |   0.0
      Orc:2 |    4407 |    8129 |  64.8 |      38 |      25 |  39.7
   Vaults:1 |   35889 |    1155 |   3.1 |      53 |       4 |   7.0
      Sewer |       0 |     135 | 100.0 |       0 |      11 | 100.0
      IceCv |       0 |    5245 | 100.0 |       0 |      23 | 100.0
            +---------+---------+-------+---------+---------+-------
